[Event "EYCC Girls-U10 2019"]
[Site "Bratislava"]
[Date "2019.08.07"]
[Round "6.22"]
[White "Alexandri, Vasiliki"]
[Black "Piddubna, Bozhena"]
[Result "0-1"]
[ECO "D53"]
[WhiteElo "1068"]
[BlackElo "1444"]
[Annotator "NA"]
[PlyCount "84"]
[EventDate "2019.08.02"]
[EventType "swiss"]
[EventCountry "SVK"]
[SourceTitle "playchess.com"]
[Source "ChessBase"]
[SourceQuality "1"]
[TimeControl "40/5400+30:1800+30"]

1. d4 d5 2. c4 e6 3. Nc3 Nf6 4. Bg5 Be7 5. e3 b6 6. Qc2 Bb7 7. Bxf6 Bxf6 8. O-O-O Nd7 9. Nf3 Qc8 10. Kb1 a5 11. Rc1 Be7 12. cxd5 exd5 13. Qa4 O-O 14. Bd3 Nf6 15. Qb3 c5 16. Qc2 c4 17. Bf5 Qb8 18. Ne5 Bc8 19. Nc6 Qc7 20. Nxe7+ Qxe7 21. Bxc8 Rfxc8 22. Qf5 Rd8 23. a3 a4 24. Qc2 Qe8 25. Na2 Rd6 26. Nb4 b5 27. Qf5 Qe4+ 28. Qxe4 Nxe4 29. Rc2 h6 30. f3 Nf6 31. Re1 Re8 32. Rce2 Rde6 33. Kc2 Kh7 34. Kc3 h5 35. Na2 g5 36. Kb4 Rb8 37. Kc5 Nd7+ 38. Kb4 Nf6 39. Nc3 Kg6 40. Kc5 Nd7+ 41. Kxd5 Rc8 42. Nxb5 Nb6# 0-1

[Event "EYCC Girls-U10 2019"]
[Site "Bratislava"]
[Date "2019.08.07"]
[Round "6.24"]
[White "Zubkovskaya, Ekaterina"]
[Black "Kollia, Evgenia"]
[Result "1-0"]
[ECO "C64"]
[WhiteElo "1449"]
[BlackElo "1034"]
[Annotator "NA"]
[PlyCount "87"]
[EventDate "2019.08.02"]
[EventType "swiss"]
[EventCountry "SVK"]
[SourceTitle "playchess.com"]
[Source "ChessBase"]
[SourceQuality "1"]
[TimeControl "40/5400+30:1800+30"]

1. e4 e5 2. Nf3 Nc6 3. Bb5 Bc5 4. O-O d6 5. c3 a6 6. Ba4 b5 7. Bb3 Bg4 8. h3 Bh5 9. d3 Nf6 10. Bg5 h6 11. Bxf6 Qxf6 12. Bd5 Kd7 13. Bxc6+ Kxc6 14. Nbd2 Rad8 15. Qc2 Kb7 16. b4 Bb6 17. c4 c6 18. a4 Rc8 19. Qa2 Ra8 20. Qb3 Rhd8 21. Rfb1 Qe6 22. Qb2 f6 23. Qc2 Rdc8 24. Ra3 g5 25. c5 dxc5 26. bxc5 Bc7 27. d4 Rd8 28. axb5 axb5 29. d5 cxd5 30. exd5 Qxd5 31. Rxb5+ Kc6 32. Rxa8 Rxa8 33. Rb1 Qxc5 34. Qf5 Qe7 35. Qe4+ Kd7 36. Qxa8 Qh7 37. Qd5+ Kc8 38. Rc1 Bf7 39. Qc5 Bh5 40. Ne4 Bg6 41. Nxf6 Qf7 42. Nd5 e4 43. Ne5 Qh7 44. Nxg6 1-0

[Event "EYCC Girls-U10 2019"]
[Site "Bratislava"]
[Date "2019.08.08"]
[Round "7.1"]
[White "Shukhman, Anna"]
[Black "Iudina, Veronika"]
[Result "1-0"]
[ECO "A13"]
[WhiteElo "1806"]
[BlackElo "1357"]
[Annotator "NA"]
[PlyCount "109"]
[EventDate "2019.08.02"]
[EventType "swiss"]
[EventCountry "SVK"]
[SourceTitle "playchess.com"]
[Source "ChessBase"]
[SourceQuality "1"]
[TimeControl "40/5400+30:1800+30"]

1. Nf3 d5 2. c4 e6 3. g3 c5 4. Bg2 Nf6 5. O-O Nc6 6. cxd5 exd5 7. d4 cxd4 8. Nxd4 Be7 9. Nc3 O-O 10. Bf4 Qb6 11. Ndb5 Bf5 12. Be3 Qa5 13. Nd4 Nxd4 14. Bxd4 Ne4 15. Qb3 Bb4 16. Nxd5 Rad8 17. Qxb4 Qxb4 18. Nxb4 Rxd4 19. Nd3 b6 20. Rac1 Rfd8 21. Ne5 Rd2 22. g4 Be6 23. Bxe4 Rxe2 24. Nc6 Re8 25. Bf3 Rxb2 26. Nxa7 Rxa2 27. Nb5 Rb8 28. Nd4 Bd7 29. Rc7 Be8 30. Rfc1 Kf8 31. Nf5 g6 32. Nd6 b5 33. Rc8 Rxc8 34. Rxc8 Ra1+ 35. Kg2 Re1 36. Nxe8 Rxe8 37. Rxe8+ Kxe8 38. Bc6+ Ke7 39. Bxb5 Kd6 40. g5 Ke5 41. Kg3 f6 42. f4+ Kf5 43. Bd3+ Ke6 44. Kg4 Kf7 45. Bc4+ Kg7 46. gxf6+ Kxf6 47. h4 h6 48. Bd3 g5 49. hxg5+ hxg5 50. fxg5+ Kg7 51. Kh5 Kh8 52. Kh6 Kg8 53. g6 Kh8 54. g7+ Kg8 55. Bc4# 1-0

[Event "EYCC Girls-U10 2019"]
[Site "Bratislava"]
[Date "2019.08.08"]
[Round "7.2"]
[White "Hnatyshyn, Anastasiia"]
[Black "Prochaieva, Alina"]
[Result "1-0"]
[ECO "B41"]
[WhiteElo "1380"]
[BlackElo "1247"]
[Annotator "NA"]
[PlyCount "115"]
[EventDate "2019.08.02"]
[EventType "swiss"]
[EventCountry "SVK"]
[SourceTitle "playchess.com"]
[Source "ChessBase"]
[SourceQuality "1"]
[TimeControl "40/5400+30:1800+30"]

1. e4 c5 2. Nf3 e6 3. d4 cxd4 4. Nxd4 a6 5. c4 Qc7 6. Nc3 Nf6 7. Bd3 d6 8. O-O g6 9. b3 Bg7 10. Bb2 O-O 11. Kh1 Nbd7 12. Qd2 b6 13. Rad1 Bb7 14. Rfe1 Ng4 15. Nf3 Nc5 16. Bc2 Rad8 17. h3 Nf6 18. b4 Ncd7 19. Qxd6 Qxc4 20. Bb3 Qc6 21. Qxc6 Bxc6 22. Nd4 Rc8 23. Nxc6 Rxc6 24. f4 Nb8 25. e5 Nfd7 26. Ne4 Rc7 27. Rd6 Rfc8 28. Red1 Bf8 29. R6d4 b5 30. a3 Nb6 31. Nf6+ Kh8 32. Rd8 Nc6 33. Rxc8 Rxc8 34. Nd7 Nxd7 35. Rxd7 Kg8 36. g4 Be7 37. f5 gxf5 38. gxf5 exf5 39. e6 f6 40. Bd5 Kf8 41. Rb7 h5 42. h4 Nd8 43. Rd7 Ke8 44. Bd4 a5 45. bxa5 Nc6 46. Bb6 Nxa5 47. Bxa5 Bxa3 48. Rc7 Rxc7 49. Bxc7 Ke7 50. Kg2 Bc1 51. Kf3 b4 52. Bb6 Bd2 53. Bc5+ Ke8 54. Bc6+ Kd8 55. e7+ Kc7 56. e8=Q b3 57. Qd7+ Kb8 58. Ba7# 1-0

[Event "EYCC Girls-U10 2019"]
[Site "Bratislava"]
[Date "2019.08.08"]
[Round "7.3"]
[White "Sidorenja, Milena"]
[Black "Stoll, Lucia"]
[Result "0-1"]
[ECO "C44"]
[WhiteElo "1573"]
[BlackElo "1403"]
[Annotator "NA"]
[PlyCount "71"]
[EventDate "2019.08.02"]
[EventType "swiss"]
[EventCountry "SVK"]
[SourceTitle "playchess.com"]
[Source "ChessBase"]
[SourceQuality "1"]
[TimeControl "40/5400+30:1800+30"]

1. e4 e5 2. Nf3 Nc6 3. d4 exd4 4. c3 d5 5. exd5 Qxd5 6. cxd4 Bg4 7. Nc3 Bb4 8. Be2 Bxf3 9. Bxf3 Qc4 10. Be2 Bxc3+ 11. bxc3 Qxc3+ 12. Bd2 Qxd4 13. O-O Nge7 14. Qc2 O-O 15. Bc3 Qc5 16. Qb2 f6 17. Rac1 Qb6 18. Qc2 Rab8 19. Rb1 Qc5 20. Rb5 Qd6 21. Rh5 f5 22. Bc4+ Kh8 23. Rg5 Ng6 24. Qb2 Nce5 25. Bb3 Qe7 26. Rg3 f4 27. Rh3 f3 28. g3 Qd7 29. Rh5 Nf4 30. Rh4 Neg6 31. Rd1 Qe7 32. Rg4 Nh3+ 33. Kh1 Rbe8 34. Rb4 c5 35. Rg4 b5 36. Qc2 0-1

[Event "EYCC Girls-U10 2019"]
[Site "Bratislava"]
[Date "2019.08.08"]
[Round "7.4"]
[White "Smietanska, Wiktoria"]
[Black "Bendik, Margarita"]
[Result "1-0"]
[ECO "D00"]
[WhiteElo "1547"]
[BlackElo "1188"]
[Annotator "NA"]
[PlyCount "79"]
[EventDate "2019.08.02"]
[EventType "swiss"]
[EventCountry "SVK"]
[SourceTitle "playchess.com"]
[Source "ChessBase"]
[SourceQuality "1"]
[TimeControl "40/5400+30:1800+30"]

1. d4 d5 2. Bf4 Nf6 3. e3 c6 4. Bd3 Qb6 5. Qc1 Nh5 6. Bg5 f6 7. Bh4 e5 8. Be2 g6 9. Bxh5 gxh5 10. Bxf6 Rg8 11. Bxe5 Bf5 12. Nd2 Nd7 13. Bg3 Be7 14. Ngf3 O-O-O 15. Nb3 a5 16. Qd2 a4 17. Nc5 Qxb2 18. O-O Nxc5 19. dxc5 Qxc2 20. Qa5 Kd7 21. Qc7+ Ke8 22. Qxb7 Bd7 23. Qc7 Qxc5 24. Rac1 Qb4 25. Qe5 Qg4 26. Qf4 Qxf4 27. Bxf4 h4 28. Kh1 h3 29. g3 Bf5 30. Nd4 Be4+ 31. f3 Bd3 32. Rfd1 Bc4 33. Nxc6 Rc8 34. Ne5 Ba3 35. Rc2 Ke7 36. Nxc4 Rxc4 37. Rcd2 Rd8 38. Bg5+ Ke8 39. Bxd8 Kxd8 40. Rxd5+ 1-0

[Event "EYCC Girls-U10 2019"]
[Site "Bratislava"]
[Date "2019.08.08"]
[Round "7.5"]
[White "Goriachkina, Oksana"]
[Black "Fedorova, Olesya"]
[Result "1/2-1/2"]
[ECO "A45"]
[WhiteElo "1417"]
[BlackElo "1516"]
[Annotator "NA"]
[PlyCount "109"]
[EventDate "2019.08.02"]
[EventType "swiss"]
[EventCountry "SVK"]
[SourceTitle "playchess.com"]
[Source "ChessBase"]
[SourceQuality "1"]
[TimeControl "40/5400+30:1800+30"]

1. d4 Nf6 2. Bg5 c5 3. Bxf6 exf6 4. Nf3 d5 5. e3 Nc6 6. Nc3 c4 7. a3 Be7 8. Be2 O-O 9. O-O Bg4 10. h3 Bh5 11. Nd2 Bxe2 12. Qxe2 Qd7 13. Qf3 Rfd8 14. Kh1 f5 15. Ne2 b5 16. b3 Bf6 17. Rab1 Rab8 18. c3 g6 19. Nf4 Ne7 20. bxc4 bxc4 21. Qd1 Bg7 22. Rb4 a5 23. Rb1 Bh6 24. Ne2 Rxb1 25. Qxb1 Qd6 26. Qa2 Rb8 27. Rb1 Nc6 28. a4 Rxb1+ 29. Qxb1 Qb8 30. Qb5 Qxb5 31. axb5 Nb8 32. Nb1 Kf8 33. Nf4 Bxf4 34. exf4 Ke7 35. Kg1 Kd6 36. Kf1 Kc7 37. Ke2 Kb6 38. Na3 Nd7 39. f3 h5 40. h4 Nf8 41. Kd2 Ne6 42. g3 Nc7 43. Kc2 Nxb5 44. Nxb5 Kxb5 45. Kb2 Ka4 46. Ka2 Kb5 47. Kb2 a4 48. Ka3 Ka5 49. Kb2 a3+ 50. Kxa3 Kb5 51. Kb2 Ka4 52. Ka2 f6 53. Kb2 Kb5 54. Kc2 Ka4 55. Kb2 1/2-1/2

[Event "EYCC Girls-U10 2019"]
[Site "Bratislava"]
[Date "2019.08.08"]
[Round "7.6"]
[White "Zavivaeva, Evelina"]
[Black "Kirtadze, Anastasia"]
[Result "0-1"]
[ECO "B22"]
[WhiteElo "1302"]
[BlackElo "1532"]
[Annotator "NA"]
[PlyCount "50"]
[EventDate "2019.08.02"]
[EventType "swiss"]
[EventCountry "SVK"]
[SourceTitle "playchess.com"]
[Source "ChessBase"]
[SourceQuality "1"]
[TimeControl "40/5400+30:1800+30"]

1. e4 c5 2. c3 d5 3. exd5 Qxd5 4. d4 Nc6 5. Nf3 Bg4 6. Be2 e6 7. h3 Bh5 8. O-O Nf6 9. Bf4 Be7 10. dxc5 Bxc5 11. Nbd2 O-O 12. Qc2 Bg6 13. Qb3 Qd7 14. Nc4 Qe7 15. Nfe5 Nd5 16. Nxg6 hxg6 17. Bg3 a6 18. a4 Qg5 19. Bf3 Qxg3 20. Qxb7 Qf4 21. Qb3 Qg3 22. Qb7 Qf4 23. Rfe1 Qxc4 24. Re4 Na5 25. b4 Qxc3 0-1

[Event "EYCC Girls-U10 2019"]
[Site "Bratislava"]
[Date "2019.08.08"]
[Round "7.8"]
[White "Arzur, Maia"]
[Black "Eros, Vivien"]
[Result "1/2-1/2"]
[ECO "C10"]
[WhiteElo "1507"]
[BlackElo "1251"]
[Annotator "NA"]
[PlyCount "128"]
[EventDate "2019.08.02"]
[EventType "swiss"]
[EventCountry "SVK"]
[SourceTitle "playchess.com"]
[Source "ChessBase"]
[SourceQuality "1"]
[TimeControl "40/5400+30:1800+30"]

1. e4 e6 2. d4 d5 3. Nc3 dxe4 4. Nxe4 Bd7 5. Be3 Bc6 6. Nc3 Nf6 7. a3 Nbd7 8. Nf3 Bd6 9. Be2 O-O 10. Qd2 Qe7 11. Bg5 Rfe8 12. O-O h6 13. Bh4 Rad8 14. Rad1 Nb6 15. Qe3 Bxf3 16. Qxf3 c6 17. Ne4 Nbd7 18. c4 e5 19. d5 cxd5 20. cxd5 g5 21. Bg3 Nxe4 22. Qxe4 Nf6 23. Qf3 e4 24. Qb3 Bxg3 25. hxg3 h5 26. Bc4 Rf8 27. Qe3 Qe5 28. f4 Ng4 29. Qe2 gxf4 30. Rxf4 f5 31. d6+ Kg7 32. Rd5 Qe6 33. Rdxf5 Qxd6 34. Rxg4+ hxg4 35. Qxg4+ Qg6 36. Rg5 Rd1+ 37. Qxd1 Qxg5 38. Qd7+ Kh8 39. Qh3+ Kg7 40. Qd7+ Kg6 41. Qe6+ Kg7 42. Qd7+ Kh6 43. Qh3+ Qh5 44. Qe6+ Qg6 45. Qh3+ Kg7 46. Qd7+ Kh8 47. Qh3+ Qh7 48. Qe6 Qh5 49. Qxe4 Rf6 50. Qh4 Qxh4 51. gxh4 Rf4 52. Bd5 b6 53. b3 Rxh4 54. a4 Rb4 55. Bc4 a6 56. Bxa6 Rxb3 57. Bb5 Kg7 58. Kh2 Kf6 59. g3 Kg5 60. Kh3 Rb4 61. Kg2 Rd4 62. Kh3 Rd6 63. Kg2 Kf5 64. Kf3 Ke5 1/2-1/2

[Event "EYCC Girls-U10 2019"]
[Site "Bratislava"]
[Date "2019.08.08"]
[Round "7.9"]
[White "Kusakina, Uliana"]
[Black "Zadrapova, Amalie"]
[Result "1-0"]
[ECO "B90"]
[WhiteElo "1364"]
[BlackElo "1248"]
[Annotator "NA"]
[PlyCount "63"]
[EventDate "2019.08.02"]
[EventType "swiss"]
[EventCountry "SVK"]
[SourceTitle "playchess.com"]
[Source "ChessBase"]
[SourceQuality "1"]
[TimeControl "40/5400+30:1800+30"]

1. e4 c5 2. Nf3 d6 3. d4 cxd4 4. Nxd4 Nf6 5. Nc3 a6 6. Be3 e6 7. g4 Be7 8. g5 Nfd7 9. h4 Nc6 10. Qe2 Nb6 11. f4 h5 12. Qf2 Nd7 13. Bh3 g6 14. Bxe6 fxe6 15. Nxe6 Qa5 16. f5 gxf5 17. exf5 Bd8 18. O-O-O Rh7 19. g6 Rh8 20. Rd5 Qb4 21. a3 Qc4 22. Nxd8 Nxd8 23. Bd4 Rg8 24. Qe3+ Kf8 25. Qh6+ Ke8 26. Qxh5 Nc6 27. b3 Qxd5 28. Nxd5 Kd8 29. Qg5+ Ke8 30. Re1+ Kf8 31. Qh6+ Rg7 32. Qxg7# 1-0

[Event "EYCC Girls-U10 2019"]
[Site "Bratislava"]
[Date "2019.08.08"]
[Round "7.11"]
[White "Liashkevich, Lizaveta"]
[Black "Mkrtchyan, Anahit H."]
[Result "0-1"]
[ECO "E21"]
[WhiteElo "1406"]
[BlackElo "1155"]
[Annotator "NA"]
[PlyCount "98"]
[EventDate "2019.08.02"]
[EventType "swiss"]
[EventCountry "SVK"]
[SourceTitle "playchess.com"]
[Source "ChessBase"]
[SourceQuality "1"]
[TimeControl "40/5400+30:1800+30"]

1. d4 Nf6 2. c4 e6 3. Nf3 b6 4. Nc3 Bb4 5. Qc2 Bb7 6. a3 Bxc3+ 7. Qxc3 O-O 8. Bg5 h6 9. Bh4 g5 10. Bg3 Ne4 11. Qc2 f5 12. h3 f4 13. Bh2 c5 14. e3 d5 15. exf4 Nc6 16. dxc5 bxc5 17. O-O-O gxf4 18. Bg1 Na5 19. Nd2 Qb6 20. Nxe4 dxe4 21. f3 Nb3+ 22. Kb1 Nd4 23. Bxd4 cxd4 24. fxe4 e5 25. Bd3 Kh8 26. Rhg1 Rg8 27. Qf2 Rg3 28. Qc2 Qg6 29. Rde1 Rg8 30. b4 Rxg2 31. Rxg2 Qxg2 32. Qxg2 Rxg2 33. Rf1 Rg3 34. Kc2 Rxh3 35. c5 Rxd3 36. a4 Bxe4 37. Kb2 Rc3 38. Re1 Re3 39. Rc1 Re2+ 40. Kb3 Bd5+ 41. Rc4 Bxc4+ 42. Kxc4 f3 43. Kd3 Re3+ 44. Kd2 f2 45. c6 f1=Q 46. c7 Qd3+ 47. Kc1 Re1+ 48. Kb2 Qc3+ 49. Ka2 Ra1# 0-1

[Event "EYCC Girls-U10 2019"]
[Site "Bratislava"]
[Date "2019.08.08"]
[Round "7.12"]
[White "Kuznecova, Marija"]
[Black "Shatil, Or"]
[Result "0-1"]
[ECO "A45"]
[WhiteElo "1375"]
[BlackElo "1185"]
[Annotator "NA"]
[PlyCount "52"]
[EventDate "2019.08.02"]
[EventType "swiss"]
[EventCountry "SVK"]
[SourceTitle "playchess.com"]
[Source "ChessBase"]
[SourceQuality "1"]
[TimeControl "40/5400+30:1800+30"]

1. d4 Nf6 2. Nc3 d5 3. Bf4 Bf5 4. Nf3 e6 5. a3 c5 6. e3 a6 7. Bd3 Bxd3 8. Qxd3 cxd4 9. exd4 Nc6 10. b4 Bd6 11. Bg3 O-O 12. Be5 Bxe5 13. dxe5 Ng4 14. Rd1 Ngxe5 15. Nxe5 Nxe5 16. Qg3 Qf6 17. O-O Rac8 18. f4 Ng6 19. Rd3 Rc4 20. f5 exf5 21. Nxd5 Qe6 22. Qf2 Ne5 23. Rd2 Ng4 24. Qxf5 Qd6 25. Qh5 Kh8 26. h3 Qh2# 0-1

[Event "EYCC Girls-U10 2019"]
[Site "Bratislava"]
[Date "2019.08.08"]
[Round "7.13"]
[White "Piddubna, Bozhena"]
[Black "Artissi, Sabina"]
[Result "1-0"]
[ECO "A30"]
[WhiteElo "1444"]
[BlackElo "1419"]
[Annotator "NA"]
[PlyCount "77"]
[EventDate "2019.08.02"]
[EventType "swiss"]
[EventCountry "SVK"]
[SourceTitle "playchess.com"]
[Source "ChessBase"]
[SourceQuality "1"]
[TimeControl "40/5400+30:1800+30"]

1. c4 c5 2. g3 g6 3. Bg2 Bg7 4. Nc3 d6 5. d3 e6 6. Nf3 Ne7 7. O-O O-O 8. Bd2 Nbc6 9. Qc1 Re8 10. Bh6 Bh8 11. h4 b6 12. Kh2 Bb7 13. Rh1 Qc7 14. Kg1 Nf5 15. Bd2 Ncd4 16. Nxd4 Bxd4 17. Nb5 Qd7 18. Bxb7 Qxb7 19. e3 Be5 20. g4 Ne7 21. f4 Qf3 22. Rh2 Qxg4+ 23. Rg2 Qxh4 24. fxe5 Red8 25. exd6 Nf5 26. e4 Ng3 27. Bg5 Qh1+ 28. Kf2 Nxe4+ 29. dxe4 Qxc1 30. Rxc1 Rd7 31. e5 a6 32. Nc3 b5 33. cxb5 axb5 34. Nxb5 Rxa2 35. Kf3 Rb7 36. Rxc5 Ra5 37. Rc8+ Kg7 38. Bf6+ Kh6 39. Rh2# 1-0

[Event "EYCC Girls-U10 2019"]
[Site "Bratislava"]
[Date "2019.08.08"]
[Round "7.15"]
[White "Sosovickova, Martina"]
[Black "Mgeladze, Kesaria"]
[Result "1/2-1/2"]
[ECO "B18"]
[WhiteElo "1200"]
[BlackElo "1294"]
[Annotator "NA"]
[PlyCount "67"]
[EventDate "2019.08.02"]
[EventType "swiss"]
[EventCountry "SVK"]
[SourceTitle "playchess.com"]
[Source "ChessBase"]
[SourceQuality "1"]
[TimeControl "40/5400+30:1800+30"]

1. e4 c6 2. d4 d5 3. Nc3 dxe4 4. Nxe4 Bf5 5. Ng3 Bg6 6. Nh3 h6 7. Bc4 e6 8. O-O Nf6 9. Nf4 Bh7 10. c3 Bd6 11. Re1 Bxf4 12. Bxf4 O-O 13. Bd3 Bxd3 14. Qxd3 Nd5 15. Qf3 Nxf4 16. Qxf4 Nd7 17. Rad1 Nf6 18. c4 Re8 19. b3 Qa5 20. Qd2 Qc7 21. h3 Rad8 22. Qc3 Re7 23. Re2 Red7 24. Red2 Rd6 25. Qe3 b6 26. Ne2 Qd7 27. Kf1 Nh7 28. h4 Nf8 29. g3 Ng6 30. Ke1 Ne7 31. Qc3 Nf5 32. b4 Qb7 33. c5 R6d7 34. a3 1/2-1/2

[Event "EYCC Girls-U10 2019"]
[Site "Bratislava"]
[Date "2019.08.08"]
[Round "7.16"]
[White "Bagas, Ana"]
[Black "Horkova, Tereza"]
[Result "1-0"]
[ECO "C22"]
[WhiteElo "1442"]
[BlackElo "1287"]
[Annotator "NA"]
[PlyCount "79"]
[EventDate "2019.08.02"]
[EventType "swiss"]
[EventCountry "SVK"]
[SourceTitle "playchess.com"]
[Source "ChessBase"]
[SourceQuality "1"]
[TimeControl "40/5400+30:1800+30"]

1. e4 e5 2. d4 exd4 3. Qxd4 Nc6 4. Qe3 Nf6 5. Nc3 Bb4 6. Bd2 O-O 7. O-O-O Re8 8. Bc4 d6 9. f3 Bc5 10. Qg5 a6 11. Nd5 Ne5 12. Nxf6+ Qxf6 13. Qxf6 gxf6 14. Bd5 c6 15. Bb3 b5 16. Ba5 Rb8 17. Bc7 Rb7 18. Bxd6 Bxd6 19. Rxd6 c5 20. Bd5 Rd7 21. Rxf6 Red8 22. Ne2 Kg7 23. Rb6 Re7 24. Ng3 Red7 25. Nf5+ Kf8 26. Rf6 Rc7 27. h3 Bb7 28. Bxb7 Rxb7 29. Rxa6 Rbd7 30. Rb6 Ra7 31. Kb1 Rad7 32. b3 Ra7 33. Rxb5 Rda8 34. a4 Rc7 35. f4 Ng6 36. g3 Rd8 37. Rh2 Rd1+ 38. Kb2 Re1 39. Rb8+ Rc8 40. Rxc8# 1-0

[Event "EYCC Girls-U10 2019"]
[Site "Bratislava"]
[Date "2019.08.08"]
[Round "7.17"]
[White "Chevillon, Manon"]
[Black "Pavesi, Bianca"]
[Result "0-1"]
[ECO "B10"]
[WhiteElo "1232"]
[BlackElo "1537"]
[Annotator "NA"]
[PlyCount "138"]
[EventDate "2019.08.02"]
[EventType "swiss"]
[EventCountry "SVK"]
[SourceTitle "playchess.com"]
[Source "ChessBase"]
[SourceQuality "1"]
[TimeControl "40/5400+30:1800+30"]

1. e4 c6 2. Nc3 d5 3. Nf3 dxe4 4. Nxe4 Nf6 5. Qe2 Nxe4 6. Qxe4 Nd7 7. Bc4 Nf6 8. Qe2 Bf5 9. d3 e6 10. O-O Be7 11. Rd1 O-O 12. d4 Qb6 13. c3 Rfd8 14. h3 Rac8 15. Be3 Qc7 16. Bb3 a5 17. a4 h6 18. Ne5 Bd6 19. f4 Nd5 20. Re1 Nxe3 21. Qxe3 c5 22. g3 Bxe5 23. dxe5 Bxh3 24. Bc2 Bg4 25. Be4 Rd7 26. Bf3 Bxf3 27. Qxf3 Rd2 28. Re2 Rcd8 29. Rxd2 Rxd2 30. Rb1 Qb6 31. Qe3 Rc2 32. b3 Qc6 33. Qf2 Rxf2 34. Kxf2 Qe4 35. Rb2 Qd3 36. Re2 Qxc3 37. Re3 Qc2+ 38. Kf3 Kh7 39. g4 Qd1+ 40. Kg3 Kg6 41. Kf2 Qd4 42. Kf3 h5 43. gxh5+ Kxh5 44. Re1 Qd5+ 45. Kf2 Qxb3 46. Rh1+ Kg4 47. Rg1+ Kxf4 48. Rxg7 Qb2+ 49. Kg1 c4 50. Rxf7+ Kxe5 51. Rf2 Qxf2+ 52. Kxf2 Kd4 53. Ke2 Kc3 54. Kd1 Kb2 55. Ke2 c3 56. Kd3 c2 57. Kd4 c1=Q 58. Ke5 Qd2 59. Kxe6 Qd4 60. Ke7 Qd5 61. Kf6 Kc3 62. Kg6 Qe5 63. Kh6 Kd4 64. Kg6 Kd5 65. Kf7 Kd6 66. Kg6 Ke6 67. Kh7 Kf6 68. Kg8 Qe7 69. Kh8 Qg7# 0-1

[Event "EYCC Girls-U10 2019"]
[Site "Bratislava"]
[Date "2019.08.08"]
[Round "7.18"]
[White "Bat, Anu"]
[Black "Buchtova, Viktorie"]
[Result "1-0"]
[ECO "C14"]
[WhiteElo "1457"]
[BlackElo "1228"]
[Annotator "NA"]
[PlyCount "51"]
[EventDate "2019.08.02"]
[EventType "swiss"]
[EventCountry "SVK"]
[SourceTitle "playchess.com"]
[Source "ChessBase"]
[SourceQuality "1"]
[TimeControl "40/5400+30:1800+30"]

1. d4 Nf6 2. Bg5 e6 3. e4 Be7 4. Nc3 d5 5. e5 Nfd7 6. Bxe7 Qxe7 7. Bd3 O-O 8. Qd2 c5 9. Nb5 Nc6 10. c3 a6 11. Na3 cxd4 12. cxd4 Nxd4 13. Bxh7+ Kxh7 14. Qxd4 Qg5 15. Nf3 Qxg2 16. Ke2 Qg6 17. Rag1 Qh5 18. Rg5 Qh6 19. Rhg1 Rg8 20. R5g4 g5 21. Nxg5+ Kg7 22. Nxe6+ Kh8 23. Rxg8+ Kh7 24. R1g7+ Qxg7 25. Rxg7+ Kh6 26. Qh4# 1-0

[Event "EYCC Girls-U10 2019"]
[Site "Bratislava"]
[Date "2019.08.08"]
[Round "7.19"]
[White "Toth, Timea"]
[Black "Zubkovskaya, Ekaterina"]
[Result "1/2-1/2"]
[ECO "A30"]
[WhiteElo "1964"]
[BlackElo "1449"]
[Annotator "NA"]
[PlyCount "52"]
[EventDate "2019.08.02"]
[EventType "swiss"]
[EventCountry "SVK"]
[SourceTitle "playchess.com"]
[Source "ChessBase"]
[SourceQuality "1"]
[TimeControl "40/5400+30:1800+30"]

1. c4 c5 2. Nf3 Nf6 3. e3 d5 4. cxd5 Nxd5 5. Qb3 Nc6 6. Bc4 e6 7. a3 Be7 8. O-O O-O 9. Rd1 a6 10. Be2 b5 11. d4 c4 12. Qc2 f5 13. Nc3 Bd6 14. Nxd5 exd5 15. Bd2 Bd7 16. Ne1 Be8 17. f4 Nb8 18. Nf3 Bh5 19. g3 Nd7 20. Kf1 g6 21. Ng5 Bxe2+ 22. Kxe2 Qe7 23. Kf2 Nf6 24. Kg1 Rfe8 25. h3 Qd7 26. Kg2 Qe7 1/2-1/2

[Event "EYCC Girls-U10 2019"]
[Site "Bratislava"]
[Date "2019.08.08"]
[Round "7.20"]
[White "Gretic, Tina"]
[Black "Abbasova, Zarifa"]
[Result "0-1"]
[ECO "C42"]
[WhiteElo "1188"]
[BlackElo "1353"]
[Annotator "NA"]
[PlyCount "80"]
[EventDate "2019.08.02"]
[EventType "swiss"]
[EventCountry "SVK"]
[SourceTitle "playchess.com"]
[Source "ChessBase"]
[SourceQuality "1"]
[TimeControl "40/5400+30:1800+30"]

1. e4 e5 2. Nf3 Nf6 3. Nc3 Bb4 4. a3 Bxc3 5. dxc3 d6 6. Bd3 O-O 7. h3 h6 8. O-O Be6 9. Re1 Nc6 10. Bb5 Nd7 11. Bxc6 bxc6 12. Be3 f5 13. exf5 Bxf5 14. Qd2 Bxh3 15. gxh3 Rxf3 16. Kg2 Qf6 17. Rg1 Qf5 18. Rh1 Rf8 19. Kf1 Rxh3 20. Rg1 Qf3 21. Re1 Kh8 22. Qe2 Nb6 23. Qxf3 Rhxf3 24. Bxb6 cxb6 25. Re2 g5 26. Rg4 Kg7 27. Kg1 Kg6 28. Rg2 h5 29. Kf1 g4 30. Kg1 Kg5 31. Kf1 g3 32. Kg1 h4 33. fxg3 hxg3 34. Re1 Kg4 35. Re4+ R8f4 36. Re1 Rf2 37. Kh1 Rxg2 38. Kxg2 Rf2+ 39. Kg1 Kf3 40. Kh1 e4 0-1

[Event "EYCC Girls-U10 2019"]
[Site "Bratislava"]
[Date "2019.08.08"]
[Round "7.21"]
[White "Guzun, Lavinia"]
[Black "Ciarletta, Iris"]
[Result "1-0"]
[ECO "C11"]
[WhiteElo "1205"]
[BlackElo "1329"]
[Annotator "NA"]
[PlyCount "103"]
[EventDate "2019.08.02"]
[EventType "swiss"]
[EventCountry "SVK"]
[SourceTitle "playchess.com"]
[Source "ChessBase"]
[SourceQuality "1"]
[TimeControl "40/5400+30:1800+30"]

1. e4 e6 2. d4 d5 3. Nc3 Nf6 4. e5 Nfd7 5. f4 c5 6. Nf3 Nc6 7. Be3 Qb6 8. Na4 Qa5+ 9. c3 cxd4 10. b4 Qc7 11. Nxd4 Nb6 12. Nb5 Qd8 13. Nxa7 Nxa4 14. Qxa4 Qd7 15. Bb5 Be7 16. Qc2 O-O 17. Nxc6 bxc6 18. Bd3 h6 19. O-O Ba6 20. f5 exf5 21. Rxf5 Qe6 22. Bxa6 Rxa6 23. Qf2 Rfa8 24. Rh5 d4 25. Bxd4 Rxa2 26. Rxa2 Rxa2 27. Qf1 Rb2 28. h3 Qd5 29. Qf3 Qd7 30. Qf5 Qe8 31. Qg4 Rb1+ 32. Kh2 Bg5 33. h4 Bc1 34. e6 Qf8 35. e7 Bf4+ 36. Qxf4 Qxe7 37. Rxh6 gxh6 38. Qg4+ Kf8 39. Bc5 Qxc5 40. bxc5 Rb5 41. Qc8+ Kg7 42. Qxc6 Rb1 43. Qe4 Rc1 44. c6 Kg8 45. c7 Rxc3 46. Qe8+ Kh7 47. Qxf7+ Kh8 48. Qf6+ Kh7 49. Qxc3 h5 50. c8=Q Kg6 51. Qd7 Kh6 52. Qcg7# 1-0

[Event "EYCC Girls-U10 2019"]
[Site "Bratislava"]
[Date "2019.08.08"]
[Round "7.22"]
[White "Salmina, Veronika"]
[Black "Briem, Gudrun Fanney"]
[Result "1-0"]
[ECO "E32"]
[WhiteElo "1335"]
[BlackElo "1199"]
[Annotator "NA"]
[PlyCount "113"]
[EventDate "2019.08.02"]
[EventType "swiss"]
[EventCountry "SVK"]
[SourceTitle "playchess.com"]
[Source "ChessBase"]
[SourceQuality "1"]
[TimeControl "40/5400+30:1800+30"]

1. d4 Nf6 2. c4 e6 3. Nc3 Bb4 4. Qc2 b6 5. Bg5 Bb7 6. f3 h6 7. Bh4 d5 8. cxd5 exd5 9. a3 Bxc3+ 10. Qxc3 O-O 11. g4 g5 12. Bg3 c5 13. dxc5 Nxg4 14. Rd1 bxc5 15. Qxc5 Nd7 16. Qd4 Ngf6 17. h4 g4 18. fxg4 Qa5+ 19. b4 Qxa3 20. Bd6 Ne4 21. Rd3 Qc1+ 22. Rd1 Qc3+ 23. Qxc3 Nxc3 24. Rd3 d4 25. Bxf8 Bxh1 26. Bxh6 Rc8 27. Rxd4 Ne5 28. Bh3 Ne4 29. Rd5 f6 30. g5 Rc1+ 31. Rd1 Rxd1+ 32. Kxd1 fxg5 33. hxg5 Nf7 34. Be6 Nc3+ 35. Kc2 Bd5 36. Bxf7+ Kxf7 37. Kxc3 a6 38. Nf3 Be4 39. Kc4 Bf5 40. Kc5 Kg8 41. Kb6 Be6 42. e3 Bc4 43. Ne5 Bf1 44. Nc6 Kh7 45. Nb8 Bd3 46. Nxa6 Bb1 47. b5 Be4 48. Nc7 Bb1 49. Ka7 Be4 50. b6 Bf5 51. b7 Bg6 52. b8=Q Be8 53. Qb3 Bh5 54. Qd3+ Kg8 55. Qf5 Bf7 56. Qf6 Bd5 57. Qg7# 1-0